 Dungeon Crawl Stone Soup version 0.29.0-15-g675c0067aa (webtiles) character file.

Game seed: 5787549865156002788

1425 Tsarbomb the Cleaver (level 8, -9/46 HPs)
             Began as a Gargoyle Fighter on Sept 12, 2022.
             Killed by divine providence
             ... invoked by an orc priest
              (12 damage)
             ... on level 6 of the Dungeon.
             The game lasted 00:15:47 (6310 turns).

Tsarbomb the Cleaver (Gargoyle Fighter)             Turns: 6310, Time: 00:15:48

Health: -9/46      AC: 24    Str: 22    XL:     8   Next: 72%
Magic:  8/8        EV:  6    Int:  9    God:
Gold:   350        SH:  0    Dex:  9    Spells: 5/7 levels left

rFire   . . .      SeeInvis .   C - +4 battleaxe
rCold   . . .      Faith    .   (shield currently unavailable)
rNeg    + . .      Spirit   .   v - +0 plate armour
rPois   ∞          Reflect  .   A - +2 helmet
rElec   +          Harm     .   y - +2 cloak
rCorr   .          Rampage  .   h - +0 pair of gloves
Will    .....                   (no boots)
Stlth   ..........              (no amulet)
HPRegen 0.15/turn               (no ring)
MPRegen 0.11/turn               (no ring)

@: no status effects
A: sickness immunity, AC +5, negative energy resistance 1, electricity
resistance, torment resistance 1, petrification resistance
a: no special abilities


You were on level 6 of the Dungeon.
You visited 1 branch of the dungeon, and saw 6 of its levels.
You also visited: Sewer.

You collected 350 gold pieces.

Inventory:

Hand Weapons
 a - a +0 war axe
 f - a +1 dagger of venom
 B - a +1 vampiric hand axe
 C - a +4 battleaxe (weapon)
Armour
 b - a +0 scale mail
 c - a +0 buckler
 h - a +0 pair of gloves (worn)
 v - a +0 plate armour (worn)
 y - a +2 cloak (worn)
 A - a +2 helmet (worn)
Jewellery
 j - a ring of fire
 p - an amulet of guardian spirit
Wands
 w - a wand of paralysis (6)
Scrolls
 g - 6 scrolls of identify {unknown}
 i - 2 scrolls of teleportation {unknown}
 l - 2 scrolls of poison {unknown}
 o - a scroll of fog {unknown}
 t - a scroll of summoning {unknown}
 x - a scroll of amnesia {unknown}
 z - a scroll of fear {unknown}
Potions
 d - 4 potions of might
 e - 2 potions of ambrosia
 k - 3 potions of curing {unknown}
 m - a potion of invisibility {unknown}
 n - 2 potions of haste {unknown}
 q - a potion of brilliance {unknown}
 r - 6 potions of heal wounds
 s - a potion of magic {unknown}
 u - 4 potions of mutation {unknown}


   Skills:
 - Level 3.2 Fighting
 + Level 9.2 Axes
 - Level 3.2 Armour
 - Level 3.2 Shields
 * Level 3.1 Summonings


You had 5 spell levels left.
You knew the following spells:

 Your Spells              Type           Power      Damage    Failure   Level
a - Call Imp              Summ           5%         N/A       98%         2

Your spell library contained the following spells:

 Spells                   Type           Power      Damage    Failure   Level
 Magic Dart               Conj           0%         1d3       100%        1
 Sting                    Tmut/Pois      0%         1d3       100%        1
 Poisonous Vapours        Pois/Air       0%         N/A       100%        2
 Static Discharge         Conj/Air       0%         3-3/arc   100%        2
 Frozen Ramparts          Ice            0%         1d1       100%        3
 Ignite Poison            Fire/Tmut/Pois 0%         N/A       100%        3
 Mephitic Cloud           Conj/Pois/Air  0%         N/A       100%        3
 Dispel Undead            Necr           0%         3d6       100%        4
 Olgreb's Toxic Radiance  Pois           0%         N/A       100%        4
 Petrify                  Tmut/Erth      0%         N/A       100%        4
 Sticky Flame             Conj/Fire      0%         2d3       100%        4
 Summon Ice Beast         Ice/Summ       2%         N/A       100%        4
 Alistair's Intoxication  Tmut/Pois      0%         N/A       100%        5
 Borgnjor's Vile Clutch   Necr/Erth      0%         N/A       100%        5
 Irradiate                Conj/Tmut      0%         3d11      100%        5
 Summon Forest            Summ/Tloc      1%         N/A       100%        5
 Eringya's Noxious Bog    Tmut/Pois      0%         N/A       100%        6
 Summon Hydra             Summ           2%         N/A       100%        7
 Sublimation of Blood     Necr           Unusable   N/A       N/A         2

Dungeon Overview and Level Annotations

Branches:
Dungeon (6/15)              Sewer (visited)
 Temple: D:4-7

Altars:
Cheibriados
Xom
Zin

Annotations:
D:4 exclusion: downstairs


Innate Abilities, Weirdness & Mutations

You are immune to sickness and miasma.
Your stone body is resilient. (AC +5)
You are immune to poison.
You resist negative energy. (rN+)
You are resistant to electric shocks. (rElec)
You are resistant to unholy torment.
You are immune to petrification.


Message History

You closely miss the orc wizard.
The orc wizard gestures at you while chanting.
You resist with some effort.
You hit the orc wizard but do no damage.
The orc wizard hits you but does no damage. x2
You slash the orc wizard!
The orc wizard is almost dead.
The orc wizard hits you but does no damage.
You slash the orc wizard!
You kill the orc wizard!
No target in view!
Things that are here:
a +2 short sword of venom; an orc corpse An orc priest comes into view.
It is wielding a +0 club.
Things that are here:
a +0 dagger; a +1 robe of willpower; an orc corpse An ogre comes into view.
It is wielding a +0 giant club.
The ogre shouts!
The orc priest shouts!
The orc priest begins to cast a cantrip, but forgets the words!
The orc priest hits you but does no damage.
The ogre hits you with a +0 giant club!
You closely miss the orc priest. You barely miss the ogre.
The orc priest closely misses you. The ogre hits you with a +0 giant club.
You slash the orc priest!
The orc priest is severely wounded.
You hit the ogre.
The orc priest hits you but does no damage. x2
The ogre hits you with a +0 giant club!!
Ouch! That really hurt!
* * * LOW HITPOINT WARNING * * *
You are too injured to fight recklessly!
Unknown command.
You are too injured to fight recklessly!
Unknown command.
You closely miss the orc priest.
The orc priest is severely wounded.
You hit the ogre.
The orc priest calls down the wrath of Beogh upon you.
Beogh smites you!
You die...

......................
#..8.8...............
###..##..........)....
#....#....####......).
........))# #.......
..#.#....##..........
# ##...............
##...#.#......##..
#@...### ... ##.
#....oO....# .. #..
##............ # .#.
#....#....##.#
......##...# . ##.....
...## ##.#.. ### ##...


You could see an ogre and an orc priest.

Vanquished Creatures
  Duvessa (D:4)
  An ice beast (D:5)
  A centaur (D:5)
  A phantom (D:5)
  A bullfrog (D:5)
  2 kobold brigands (Sewer)
  A scorpion (D:5)
  4 wights (D:5)
  Dowan (D:4)
  A jelly (D:5)
  3 hounds
  An orc priest (D:3)
  An orc wizard (D:6)
  3 iguanas (D:5)
  Robin (D:2)
  4 gnolls
  7 adders
  2 river rats (D:3)
  2 white imps
  2 ufetubi (D:5)
  3 worms
  7 dart slugs
  22 orcs
  8 ball pythons
  10 endoplasms
  4 giant cockroaches
  9 goblins
  10 hobgoblins
  4 quokkas
  11 bats
  2 frilled lizards
  15 kobolds
  12 rats
157 creatures vanquished.

Vanquished Creatures (others)
  3 fungi (Sewer)
  6 plants (Sewer)
9 creatures vanquished.

Grand Total: 166 creatures vanquished

Notes
Turn   | Place    | Note
-------+----------+-------------------------------------------
     0 | D:1      | Tsarbomb the Gargoyle Fighter began the quest for the Orb.
     0 | D:1      | Reached XP level 1. HP: 14/14 MP: 1/1
    24 | D:1      | Reached skill level 2 in Axes
   176 | D:1      | Reached XP level 2. HP: 19/19 MP: 2/2
   195 | D:1      | Got Kyxt's Omnibus of Frostbite and Filth
   577 | D:1      | Reached skill level 3 in Axes
   584 | D:1      | Reached XP level 3. HP: 10/23 MP: 3/3
  1315 | D:2      | Noticed Robin
  1339 | D:2      | Killed Robin
  1625 | D:2      | Reached XP level 4. HP: 18/28 MP: 4/4
  1743 | D:2      | Reached skill level 4 in Axes
  1952 | D:2      | Found a faded altar of an unknown god.
  2120 | D:3      | Found a glowing drain.
  2135 | D:3      | Reached XP level 5. HP: 26/32 MP: 5/5
  2181 | Sewer    | Entered a sewer
  2705 | Sewer    | Noticed a kobold brigand
  2708 | Sewer    | Noticed a kobold brigand
  2735 | Sewer    | Killed a kobold brigand
  2736 | Sewer    | Reached skill level 5 in Axes
  2746 | Sewer    | Killed a kobold brigand
  2747 | Sewer    | Reached XP level 6. HP: 27/37 MP: 6/6
  3038 | D:3      | Reached skill level 6 in Axes
  3115 | D:3      | Learned a level 2 spell: Call Imp
  3208 | D:3      | Found a snail-covered altar of Cheibriados.
  4282 | D:4      | Found a glowing silver altar of Zin.
  4787 | D:5      | Entered Level 5 of the Dungeon
  4801 | D:5      | Reached XP level 7. HP: 25/41 MP: 7/7
  4805 | D:5      | Reached skill level 1 in Summonings
  4837 | D:5      | Reached skill level 7 in Axes
  5286 | D:5      | Noticed Duvessa
  5287 | D:5      | Noticed Dowan
  5416 | D:4      | Killed Duvessa
  5417 | D:4      | Reached skill level 8 in Axes
  5417 | D:4      | Reached XP level 8. HP: 43/46 MP: 8/8
  5425 | D:4      | Killed Dowan
  5841 | D:6      | Found a shimmering altar of Xom.
  6142 | D:5      | Reached skill level 9 in Axes
  6310 | D:6      | Killed from afar by an orc priest

Illustrated notes

Levels and vault maps discovered:
D:1:      roderic_octagonal_star, layout_loops_cross, kennysheep_small_spiral
D:2:      layout_loops_ring, shapermc_ecumenical_altar_venn,
          minmay_crystal_water, minmay_tall_x, uniq_robin
D:3:      layout_loops_ring, mainiacjoe_overflow_six_doors_small,
          portal_sewer_entry_c, chequers_serial_rivers_micro_c
D:4:      layout_loops_ring, nicolae_overflow_crystal_walls,
          serial_bayou_lagoon_a
D:5:      layout_cave_pools, saegor_snake_ambush, uniq_duvessa
D:6:      layout_cave_pools, xom_confusion_cloud, serial_column_ruins,
          column_ruins_square_medium, column_ruins_open_small,
          column_ruins_open_medium, column_ruins_open_medium_water,
          column_ruins_grid_1, column_ruins_open_large, minmay_ruffians

Skill      XL: |  1  2  3  4  5  6  7  8 |
---------------+-------------------------+-----
Axes           | 2 3 4 5 6 8 9 |  9.2
Summonings     | 2 3 |  3.1
Fighting       | |  3.2
Armour         | |  3.2
Shields        | |  3.2

Action                   |  1- 3 |  4- 6 |  7- 9 || total
-------------------------+-------+-------+-------++-------
Melee: War axe           |   111 |   225 |   107 ||   443
       Battleaxe         |       |       |    30 ||    30
  Use: Potion            |     2 |       |     2 ||     4
Armor: Scale mail        |    64 |   111 |       ||   175
       Plate armour      |       |    74 |   149 ||   223
Dodge: Dodged            |    57 |   101 |    73 ||   231
Block: Buckler           |    17 |    45 |    29 ||    91
